 Dungeon Crawl Stone Soup version 0.26.0-10-g1f06aea511 (webtiles) character file.

Game seed: 13811134720038785402

341 Goblin1989 the Sneak (level 6, -1/47 HPs)
             Began as a Demonspawn Delver on Jan 19, 2021.
             Was a Follower of Uskayaw.
             Killed from afar by an orc wizard (6 damage)
             ... with a puff of frost
             ... on level 5 of the Dungeon.
             The game lasted 00:06:16 (4044 turns).

Goblin1989 the Sneak (Demonspawn Delver)            Turns: 4044, Time: 00:06:17

Health: -1/47      AC:  5    Str: 15    XL:     6   Next: 30%
Magic:  6/6        EV: 12    Int: 11    God:    Uskayaw [*.....]
Gold:   232        SH:  0    Dex: 14    Spells: 5/5 levels left

rFire    . . .     SeeInvis .   R - +0 dagger (venom)
rCold    . . .     Faith    .   (no shield)
rNeg     . . .     Spirit   .   b - +0 leather armour
rPois    .         Reflect  .   (helmet restricted)
rElec    .         Harm     .   (no cloak)
rCorr    .         Rampage  .   (no gloves)
Will     .....                  (no boots)
Stlth    +++.......             (no amulet)
HPRegen  0.15/turn              (no ring)
MPRegen  0.10/turn              (no ring)

@: no status effects
A: horns 2, slimy green scales 1, demonic guardian 1
a: Renounce Religion, Stomp


You were on level 5 of the Dungeon.
You worshipped Uskayaw.
Uskayaw was noncommittal.
You visited 2 branches of the dungeon, and saw 6 of its levels.

You collected 232 gold pieces.

Inventory:

Hand Weapons
 a - a +0 short sword
 R - a +0 dagger of venom (weapon)
Missiles
 Q - 20 poisoned darts (quivered)
Armour
 b - a +0 leather armour (worn)
Jewellery
 O - an uncursed amulet of magic regeneration {unknown}
Wands
 g - a wand of digging (3) {@v1}
Scrolls
 c - 3 scrolls of fog
 M - a scroll of magic mapping
 N - 3 scrolls of remove curse {unknown}
 P - 3 scrolls of teleportation {unknown}
 V - 2 scrolls of random uselessness {unknown}
 W - 3 scrolls of enchant weapon {unknown}
 X - a scroll of noise {unknown}
 Z - a scroll of amnesia {unknown}
Potions
 f - 2 potions of haste {@q3,}
 L - a potion of brilliance {unknown}
 S - 2 potions of curing {unknown}
 T - a potion of attraction {unknown}
 U - a potion of resistance {unknown}
 Y - a potion of cancellation {unknown}


   Skills:
 - Level 3.0 Fighting
 * Level 5.1 Short Blades
 - Level 1.7 Dodging
 + Level 5.9 Stealth


You had 5 spell levels left.
You didn't know any spells.
Your spell library was empty.

Dungeon Overview and Level Annotations

Branches:
Dungeon (5/15)             Temple (1/1) D:4

Altars:
Ashenzari
Dithmenos
Gozag
Kikubaaqudgha
Makhleb
Nemelex Xobeh
Okawaru
Qazlal
Ru
Sif Muna
Uskayaw
Vehumet
Wu Jian
Xom
Yredelemnul
Zin
The Shining One

Shops:
D:4 }

Annotations:
D:3 exclusions: goblin and hobgoblin, Grinder
D:4 3 runed translucent doors, exclusion: moth of wrath, Arum's ghost, novice GrFi


Innate Abilities, Weirdness & Mutations

You have a pair of horns on your head.
You are partially covered in slimy green scales. (AC +2)
A weak demonic guardian rushes to your aid.


Message History

There is a stone staircase leading up here.
The orc wizard points at you and mumbles some strange words.
The puff of frost hits you.
An adder comes into view.
An orc comes into view.
You take 5 damage, and have 42/47 hp.
The adder bites you but does no damage. The adder bites you but does no damage.
The orc wizard hits your iron imp but does no damage.
The orc wizard closely misses your iron imp.
The adder misses you.
Your iron imp hits the orc wizard.
The orc wizard casts a spell at itself.
The orc wizard flickers and vanishes!
Deactivating autopickup; reactivate with Ctrl-A.
The adder bites you but does no damage. Something barely misses your iron imp.
The adder bites you but does no damage. The adder bites you.
You hear some strange, mumbled words.
Your iron imp hits the adder!
The adder dies!
You take 4 damage, and have 38/47 hp.
Things that are here:
5 gold pieces; an adder corpse You swap places.
The orc wizard mumbles some strange words.
The orc wizard blinks!
Found a scroll labelled ZOFAAMIL FACAEC and a ring mail.
You hit the orc.
The orc is lightly wounded.
Something hits you.
You take 2 damage, and have 37/47 hp.
You barely miss the orc. You headbutt the orc.
You kill the orc!
Something hits you but does no damage. The orc barely misses you.
The orc hits you.
Things that are here:
a +0 mace; a +0 leather armour; an orc corpse You take 1 damage, and have 36/47 hp.
You hit the orc.
The orc is poisoned.
The orc is heavily wounded.
You hear some strange, mumbled words.
A puff of frost appears from out of thin air!
The puff of frost hits you. The orc hits you but does no damage. x2
Your iron imp barely misses something.
You take 2 damage, and have 34/47 hp.
You barely miss the orc. You headbutt the orc.
You kill the orc!
Something hits you. The orc closely misses you. Something hits you.
You take 7 damage, and have 27/47 hp.
You are too injured to fight recklessly!
You are too injured to fight recklessly!
You are too injured to fight recklessly!
You are too injured to fight recklessly!
You are too injured to fight recklessly!
You are too injured to fight recklessly!
You are too injured to fight recklessly!
You are too injured to fight recklessly!
You are too injured to fight recklessly!
You are too injured to fight recklessly!
You are too injured to fight recklessly!
You are too injured to fight recklessly!
You are too injured to fight recklessly!
You are too injured to fight recklessly!
You are too injured to fight recklessly!
You are too injured to fight recklessly!
You are too injured to fight recklessly!
You are too injured to fight recklessly!
You are too injured to fight recklessly!
You are too injured to fight recklessly!
You are too injured to fight recklessly!
You are too injured to fight recklessly!
You are too injured to fight recklessly!
Unknown command.
You swap places.
You hear some strange, mumbled words.
A puff of flame appears from out of thin air!
The puff of flame hits you!
* * * LOW HITPOINT WARNING * * *
The orc hits your iron imp.
You take 7 damage, and have 20/47 hp.
The orc wizard mumbles some strange words.
The orc wizard seems to speed up.
Your iron imp hits something!
Things that are here:
5 gold pieces; an adder corpse You hear some strange, mumbled words.
A puff of frost appears from out of thin air!
The puff of frost hits you!
* * * LOW HITPOINT WARNING * * *
The orc wizard points at you and mumbles some strange words.
Your iron imp seems to slow down.
You hear some strange, mumbled words.
A puff of frost appears from out of thin air!
The puff of frost hits you!
* * * LOW HITPOINT WARNING * * *
Your iron imp closely misses the orc wizard.
There is a stone staircase leading up here.
You take 15 damage, and have 5/47 hp.
MASSIVE DAMAGE!!
The orc wizard hits your iron imp but does no damage.
You hear some strange, mumbled words.
A puff of frost appears from out of thin air!
The puff of frost hits you.
You die...

...█.█ █
████... █. █
██.███. .█
......█████[███
..█....█......█
......†...?...█
█o5o.....█


███{████████ █.$@.....█ ████████... You could see an orc wizard (fast) and a
friendly iron imp (summoned, slow).

Vanquished Creatures
  A hound (D:4)
  An orc priest (D:3)
  Jessica (D:3)
  A worker ant (D:3)
  4 adders
  An ooze (D:4)
  5 worms (D:2)
  4 dart slugs
  2 leopard geckos
  8 orcs
  6 bats
  4 giant cockroaches
  4 goblins
  4 hobgoblins
  4 jackals (D:4)
  A quokka (D:3)
  A ball python (D:3)
  8 frilled lizards
  9 kobolds
  12 rats
81 creatures vanquished.

Vanquished Creatures (collateral kills)
  An ogre (D:4)
  A howler monkey (D:4)
  An adder (D:5)
3 creatures vanquished.

Grand Total: 84 creatures vanquished

Notes
Turn   | Place    | Note
-------+----------+-------------------------------------------
     0 | D:5      | Goblin1989 the Demonspawn Delver began the quest for the
                  | Orb.
     0 | D:5      | Reached XP level 1. HP: 18/18 MP: 1/1
    47 | D:4      | Noticed an ogre
   225 | D:4      | Found Doib Xec's Gadget Shoppe.
   241 | D:4      | Found a runed translucent gate.
   242 | D:4      | Found a runed translucent gate.
   243 | D:4      | Found a runed translucent gate.
   262 | D:4      | Noticed Arum's ghost (novice GrFi)
   279 | D:4      | Found a stormy altar of Qazlal.
   419 | D:4      | Found a sacrificial altar of Ru.
   450 | D:4      | Found a radiant altar of Vehumet.
   453 | D:4      | Found an opulent altar of Gozag.
   500 | D:3      | Noticed Jessica
   540 | D:3      | Gained mutation: A weak demonic guardian rushes to your
                  | aid. [demonic ancestry]
   540 | D:3      | Reached XP level 2. HP: 19/24 MP: 2/2
   547 | D:3      | Found a faded altar of an unknown god.
   563 | D:2      | Reached XP level 3. HP: 11/29 MP: 3/3
  1004 | D:2      | Reached skill level 5 in Stealth
  1527 | D:1      | Gained mutation: You are partially covered in slimy green
                  | scales. (AC +2) [demonic ancestry]
  1527 | D:1      | Reached XP level 4. HP: 35/35 MP: 4/4
  2048 | D:2      | Found a shimmering blue altar of Sif Muna.
  2479 | D:3      | Killed Jessica
  2480 | D:3      | Gained mutation: You have a pair of small horns on your
                  | head. [demonic ancestry]
  2480 | D:3      | Reached XP level 5. HP: 36/41 MP: 5/5
  2559 | D:3      | Noticed Grinder
  2820 | D:3      | Found a basalt altar of Yredelemnul.
  3478 | D:4      | Noticed a moth of wrath
  3504 | D:4      | Found a staircase to the Ecumenical Temple.
  3514 | D:4      | Killed an ogre
  3515 | D:4      | Reached skill level 5 in Short Blades
  3515 | D:4      | Gained mutation: You have a pair of horns on your head.
                  | [demonic ancestry]
  3515 | D:4      | Reached XP level 6. HP: 22/47 MP: 6/6
  3522 | Temple   | Entered the Ecumenical Temple
  3771 | Temple   | Became a worshipper of Uskayaw the Reveller
  3837 | D:4      | Found a shadowy altar of Dithmenos.
  3973 | D:4      | Reached * piety under Uskayaw
  4044 | D:5      | Killed from afar by an orc wizard

Illustrated notes

Levels and vault maps discovered:
D:1:      scummos_arrival_simple_fountains, layout_basic, minmay_close_crescents
D:2:      layout_rooms, nicolae_overflow_crystal_walls, glass_columns_a,
          st_stairs_8, minmay_tree_intersection
D:3:      layout_rooms, lemuel_doored_altar,
          chequers_ecumenical_altar_simple_redux, uniq_jessica, uniq_grinder
D:4:      layout_gridville, grunt_temple_overflow_open, minitemple,
          lemuel_crystal_altar, tgw_trog, temple_green, serial_shops, shop,
          gammafunk_ghost_icy, fountainhead, minmay_misc_feat_five
D:5:      layout_rooms, kennysheep_little_box, fedhas_altar_4,
          uniq_prince_ribbit1
Temple:   compressed_dpeg_circular_temple

Skill      XL: |  1  2  3  4  5 |
---------------+----------------+-----
Short Blades   | 2 3 4 5 |  5.1
Stealth        | 5 |  5.9
Fighting       | |  3.0
Dodging        | |  1.7

Action                   |  1- 3 |  4- 6 || total
-------------------------+-------+-------++-------
Melee: Short sword       |    25 |       ||    25
       Dagger            |    80 |   174 ||   254
       Headbutt          |       |    14 ||    14
  Use: Scroll            |     1 |       ||     1
 Stab: Sleeping          |     7 |     4 ||    11
Armor: Leather armour    |    25 |    34 ||    59
Dodge: Dodged            |    52 |    92 ||   144
